Map: King Sejong Station LE

Players

Miszu - Winner!

  • Race: Terran Terran
  • League: Master

Fire

  • Race: Protoss Protoss
  • League: Master

VOD

Have the link to the VOD?

Description

Time

  • Played on: June 26, 2016, 10:14 a.m.
  • Length: 11:55
Show
View Real Time Build Order
Export as new Build Order

Miszu Terran - Winner!

Build Orders: Reaper Expand 

Get SALT Encoding   

  12  0:01  SCV  
  13  0:13  SCV  
  14  0:18  Supply Depot  
  14  0:25  SCV  
  15  0:39  SCV  
  15  0:41  Barracks  
  16  0:49  Refinery  
  16  0:51  SCV  
  17  1:04  SCV  
  18  1:17  SCV  
  19  1:29  Orbital Command  
  19  1:32  Reaper  
  20  1:45  Command Center  
  20  1:48  Supply Depot  
  20  1:54  SCV  
  21  2:04  Barracks Reactor  
  21  2:08  SCV  
  22  2:12  Refinery  
  22  2:20  SCV  
  23  2:28  Factory  
  23  2:32  SCV  
  25  2:44  SCV  
  25  2:45  Marine x2  
  27  2:56  SCV  
  28  3:03  Marine x2  
  30  3:11  SCV  
  31  3:21  Marine x2  
  31  3:23  Orbital Command  
  31  3:24  SCV  
  31  3:25  Starport  
  31  3:26  Widow Mine  
  36  3:37  Command Center, SCV  
  37  3:44  Marine x2  
  37  3:48  SCV  
  40  3:49  SCV  
  40  3:54  Widow Mine  
  42  4:00  SCV  
  43  4:06  SCV  
  43  4:07  Medivac  
  46  4:18  Supply Depot  
  46  4:22  Barracks  
  46  4:24  Barracks, Factory Tech Lab  
  46  4:28  Engineering Bay  
  46  4:31  Refinery  
  46  4:39  SCV x2  
  48  4:46  Marine x2  
  48  4:51  SCV  
  48  4:52  SCV  
  51  4:53  Orbital Command  
  51  4:56  Engineering Bay  
  51  4:57  Siege Tank  
  54  5:03  Starport Reactor  
  54  5:04  SCV x2  
  56  5:17  SCV  
  56  5:18  Marine x2  
  56  5:19  Barracks Tech Lab x2  
  56  5:20  SCV  
  61  5:23  Refinery  
  61  5:25  Terran Infantry Weapons Level 1  
  58  5:29  Orbital Command  
  58  5:33  SCV x2  
  57  5:36  Marine x2  
  57  5:38  Combat Shields  
  57  5:39  Marine x2  
  60  5:43  Siege Tank  
  60  5:46  SCV x2  
  63  5:51  Terran Infantry Armor Level 1  
  63  5:53  Marine  
  63  5:55  Barracks  
  64  5:57  Barracks  
  64  5:58  SCV  
  64  5:59  SCV  
  64  6:01  SCV  
  69  6:04  Marauder  
  69  6:12  Supply Depot  
  69  6:13  SCV x2  
  69  6:15  Supply Depot  
  69  6:16  Supply Depot  
  71  6:18  SCV  
  71  6:25  SCV x2  
  74  6:29  Marauder  
  76  6:34  Marauder  
  76  6:37  SCV x3  
  80  6:45  Barracks Tech Lab  
  80  6:46  Marine x2, Barracks Tech Lab  
  81  6:47  Barracks Reactor  
  81  6:49  SCV x2  
  81  6:50  Medivac x2  
  81  6:51  Marauder, SCV  
  90  6:54  Refinery  
  90  6:56  Supply Depot  
  90  7:00  Armory  
  90  7:01  SCV x2  
  91  7:03  SCV  
  91  7:05  Marine  
  91  7:06  Marine, Factory Reactor  
  95  7:12  Marauder  
  95  7:13  SCV x2, Liberator x2  
  95  7:15  Marauder  
  101  7:16  Bunker  
  101  7:18  SCV  
  101  7:20  Supply Depot, Marauder  
  104  7:25  SCV  
  104  7:27  Stimpack  
  100  7:34  Barracks Tech Lab  
  103  7:44  Marauder  
  105  7:45  Marauder  
  105  7:46  Marine x4  
  111  7:51  Supply Depot  
  111  7:54  Supply Depot  
  111  7:56  Liberator  
  111  7:58  SCV, Liberator  
  111  8:02  Marauder  
  111  8:04  Marine  
  111  8:05  Marauder  
  117  8:13  Marauder  
  117  8:14  Marine  
  117  8:15  Marine x2  
  117  8:17  Widow Mine  
  117  8:18  Terran Infantry Armor Level 2, Terran Infantry Weapons Level 2  
  132  8:22  Widow Mine  
  132  8:26  Supply Depot, Refinery  
  132  8:28  Supply Depot  
  132  8:29  Supply Depot  
  132  8:40  Marine  
  133  8:45  Barracks  
  133  8:46  Barracks x2  
  133  8:48  Marine x3, Marauder x2  
  140  8:50  Supply Depot, Marauder  
  140  8:52  Supply Depot  
  140  8:54  Supply Depot  
  142  8:57  Marine  
  142  9:00  Command Center  
  142  9:01  Medivac x2  
  147  9:05  Marine x2  
  147  9:06  Ghost Academy  
  149  9:23  Marine x4, Marauder x2  
  149  9:24  Marine, Widow Mine x2  
  161  9:31  Medivac x2  
  161  9:33  Supply Depot  
  165  9:39  Barracks Tech Lab x3  
  165  9:42  Marauder  
  165  9:45  Marauder  
  169  9:52  Marauder  
  171  9:57  Marauder  
  171  9:59  Marauder  
  175  10:00  Marine x3  
  175  10:01  Medivac  
  175  10:02  Medivac  
  175  10:03  Marauder  
  184  10:13  Marauder x2  
  184  10:14  Marauder  
  190  10:24  Marine, Marauder x2  
  190  10:25  Marine x3, Marauder  
  180  10:44  Marine, Marauder  
  180  10:45  Marauder  
  180  10:46  Marauder  
  180  10:49  Medivac x2, Widow Mine x2  
  191  10:50  Marine  
  191  10:51  Marauder x2  
  192  11:19  Medivac  
  187  11:36  Marine x5  
  187  11:37  Marine x3  
Show
View Real Time Build Order
Export as new Build Order

Fire Protoss 

Build Orders: 1 Gate Expand 

Get SALT Encoding   

  12  0:01  Probe (Chrono Boost)  
  13  0:11  Probe (Chrono Boost)  
  14  0:17  Pylon  
  14  0:22  Probe (Chrono Boost)  
  15  0:36  Probe (Chrono Boost)  
  15  0:39  Gateway  
  16  0:47  Probe (Chrono Boost)  
  17  0:50  Assimilator  
  17  1:01  Probe (Chrono Boost)  
  18  1:13  Probe (Chrono Boost)  
  19  1:21  Nexus  
  19  1:23  Probe (Chrono Boost)  
  20  1:31  Cybernetics Core  
  20  1:34  Probe (Chrono Boost)  
  20  1:39  Assimilator  
  21  1:50  Probe (Chrono Boost)  
  21  1:52  Pylon  
  22  2:01  Probe (Chrono Boost)  
  23  2:07  Warp Gate  
  23  2:10  Stalker  
  23  2:11  Probe (Chrono Boost)  
  26  2:22  Probe (Chrono Boost)  
  27  2:23  Pylon  
  27  2:33  Probe (Chrono Boost)  
  28  2:40  Stalker  
  28  2:45  Probe (Chrono Boost)  
  28  2:51  Probe (Chrono Boost)  
  30  2:55  Robotics Facility, Probe (Chrono Boost)  
  31  3:01  Probe (Chrono Boost)  
  32  3:06  Probe (Chrono Boost)  
  32  3:12  Probe (Chrono Boost)  
  34  3:18  Probe (Chrono Boost)  
  35  3:22  Probe (Chrono Boost)  
  35  3:24  Twilight Council  
  36  3:28  Probe (Chrono Boost)  
  36  3:31  Gateway x2  
  36  3:33  Probe (Chrono Boost)  
  38  3:39  Mothership Core (Chrono Boost)  
  40  3:42  Observer  
  40  3:44  Probe (Chrono Boost)  
  42  3:49  Pylon  
  42  3:54  Probe (Chrono Boost)  
  43  3:57  Probe (Chrono Boost)  
  44  4:08  Observer  
  45  4:12  Blink (Chrono Boost)  
  45  4:13  Probe  
  45  4:14  Assimilator, Probe  
  47  4:23  Probe  
  47  4:24  Nexus  
  47  4:26  Probe  
  48  4:34  Probe  
  48  4:36  Observer  
  50  4:38  Probe  
  50  4:44  Probe  
  50  4:50  Probe  
  52  4:55  Probe  
  52  4:58  Forge  
  52  4:59  Pylon  
  53  5:02  Pylon, Probe  
  53  5:05  Probe  
  42  5:14  Probe  
  42  5:16  Stalker x2, Probe  
  42  5:17  Stalker  
  48  5:26  Probe  
  48  5:27  Probe  
  46  5:37  Probe  
  46  5:39  Probe  
  47  5:45  Probe  
  47  5:47  Probe  
  49  5:51  Assimilator, Probe  
  49  5:54  Stalker x2  
  49  5:55  Pylon  
  49  5:56  Probe  
  54  5:57  Stalker  
  54  5:58  Probe  
  54  6:02  Observer  
  54  6:03  Probe  
  60  6:04  Protoss Ground Weapons Level 1  
  60  6:07  Probe  
  60  6:08  Probe  
  62  6:15  Mothership Core  
  62  6:17  Probe  
  62  6:18  Pylon  
  64  6:19  Stalker, Probe  
  64  6:21  Stalker  
  70  6:28  Probe  
  70  6:30  Probe  
  72  6:36  Probe  
  72  6:38  Pylon, Probe  
  73  6:40  Probe  
  73  6:42  Pylon  
  75  6:48  Probe  
  75  6:49  Gateway, Probe  
  75  6:51  Probe  
  78  6:59  Probe  
  78  7:00  Photon Cannon  
  78  7:01  Probe  
  80  7:02  Probe  
  80  7:06  Gateway  
  80  7:08  Immortal  
  85  7:09  Gateway, Resonating Glaives (Chrono Boost)  
  85  7:10  Probe  
  85  7:12  Templar Archives  
  86  7:19  Probe  
  86  7:20  Probe x2  
  89  7:32  Probe  
  90  7:45  Adept x3, Probe  
  90  7:47  Pylon, Probe  
  90  7:49  Probe  
  90  7:50  Psionic Storm, Immortal  
  103  7:52  Assimilator  
  103  7:56  Probe  
  103  7:57  Assimilator  
  104  8:00  Pylon  
  104  8:04  Gateway, Pylon, Protoss Ground Weapons Level 2 (Chrono Boost)  
  104  8:05  Gateway  
  104  8:07  Gateway  
  104  8:09  Gateway  
  104  8:11  Adept x2  
  104  8:12  Adept, High Templar  
  112  8:25  Probe x2  
  114  8:31  Zealot x2  
  114  8:32  Adept x3  
  123  8:52  Gateway  
  123  8:53  Nexus  
  123  8:55  Pylon  
  123  8:59  High Templar x3  
  123  9:00  Adept x3  
  135  9:06  Charge  
  135  9:07  Forge  
  135  9:12  Observer  
  135  9:14  Adept x4  
  144  9:32  Adept x2  
  144  9:37  Pylon  
  144  9:38  Pylon  
  148  9:41  Pylon  
  148  9:47  Pylon  
  148  9:51  Pylon  
  148  9:53  Pylon  
  148  9:55  Pylon  
  148  10:04  Stalker x3  
  148  10:05  Stalker x2  
  135  10:39  Stalker x3  
  135  10:40  Adept x6  
  135  10:41  Zealot  
  134  11:08  Stalker  
  134  11:09  Stalker x5, Zealot  
  134  11:10  Zealot  
  130  11:26  Probe  
  130  11:27  Probe  
  130  11:28  Probe  
  133  11:36  Probe  
  133  11:38  Assimilator  
Tags
 
Add a new tag
Caveats
  • Supply blocks, unpowered buildings, or Contaminate may cause inaccurate times.
  • Supply counts are checked every 10 seconds.